 Dungeon Crawl Stone Soup version 0.30-a0-972-gf3ab3527aa (webtiles) character file.

Game seed: 5377523340111650569

1915 vishdafish the Conjurer (level 8, -7/52 HPs)
             Began as a Demonspawn Conjurer on Mar 31, 2023.
             Killed from afar by an acid dragon (15 damage)
             ... with a splash of acid
             ... on level 6 of the Dungeon.
             The game lasted 00:11:34 (6420 turns).

vishdafish the Conjurer (Demonspawn Conjurer)       Turns: 6420, Time: 00:11:35

Health: -7/52      AC:  6    Str:  9    XL:     8   Next: 95%
Magic:  25/25      EV: 12    Int: 21    God:
Gold:   217        SH:  5    Dex: 11    Spells: 5/17 levels left

rFire   . . .      SeeInvis +    F - +4 whip
rCold   . . .      Faith    .    (no shield)
rNeg    . . .      Spirit   .    a - +0 robe
rPois   .          Reflect  +    I - +1 helmet
rElec   .          Rampage  .    y - +0 cloak
rCorr   .                        (no gloves)
Will    .....                    B - +0 pair of boots
Stlth   ++                       d - amulet of reflection
HPRegen 0.28/turn                v - ring of magical power
MPRegen 0.38/turn                w - ring of see invisible

@: about to teleport
A: powered by death 1, magic regeneration, weakness stinger 2
a: no special abilities


You were on level 6 of the Dungeon.
You visited 2 branches of the dungeon, and saw 10 of its levels.

You collected 325 gold pieces.
You spent 108 gold pieces at shops.

Inventory:

Hand Weapons
 f - a +0 short sword
 E - a +0 short sword
 F - a +4 whip (weapon)
Armour
 a - a +0 robe (worn)
 y - a +0 cloak (worn)
 B - a +0 pair of boots (worn)
 C - a +0 helmet
 I - a +1 helmet (worn)
Jewellery
 d - an amulet of reflection (around neck)
 v - a ring of magical power (left hand)
 w - a ring of see invisible (right hand)
 J - a ring of flight
 K - a ring of ice
 L - a +6 ring of dexterity
Wands
 b - a wand of roots (8)
Scrolls
 e - 4 scrolls of identify
 h - 3 scrolls of teleportation
 j - a scroll of poison {unknown}
 k - a scroll of enchant weapon {unknown}
 l - 3 scrolls of noise {unknown}
 m - 3 scrolls of blinking {unknown}
 o - a scroll of vulnerability {unknown}
 s - 2 scrolls of immolation {unknown}
 t - 2 scrolls of fog {unknown}
 x - a scroll of summoning {unknown}
 A - 2 scrolls of acquirement {unknown}
 H - a scroll of silence {unknown}
Potions
 c - 3 potions of might {unknown}
 g - 3 potions of curing
 i - a potion of resistance {unknown}
 n - 2 potions of brilliance {unknown}
 p - 2 potions of ambrosia {unknown}
 q - 2 potions of attraction {unknown}
 r - a potion of haste {unknown}
 u - a potion of heal wounds {unknown}
 z - a potion of lignification {unknown}
 D - a potion of invisibility {unknown}
 G - a potion of mutation {unknown}


   Skills:
 - Level 1.7 Dodging
 - Level 1.7 Stealth
 + Level 5.4 Spellcasting
 - Level 7.0 Conjurations
 - Level 4.1 Hexes
 - Level 5.2 Translocations
 + Level 3.5 Earth Magic


You had 5 spell levels left.
You knew the following spells:

 Your Spells              Type           Power      Damage    Failure   Level
a - Magic Dart            Conj           100%       1d8       1%          1
b - Fulminant Prism       Conj/Hex       14%        3d9       11%         4
c - Iskenderun's Mystic   Conj/Tloc      31%        2d8       9%          4
d - Stone Arrow           Conj/Erth      54%        3d10      3%          3

Your spell library contained the following spells:

 Spells                   Type           Power      Damage    Failure   Level
 Apportation              Tloc           54%        N/A       1%          1
 Slow                     Hex            92%        N/A       1%          1
 Searing Ray              Conj           70%        2d7       1%          2
 Dazzling Flash           Conj/Hex       58%        N/A       3%          3
 Confusing Touch          Hex            23%        N/A       6%          3
 Passwall                 Tmut/Erth      10%        N/A       8%          2
 Necrotise                Necr           20%        1d5       11%         1
 Summon Small Mammal      Summ           20%        N/A       11%         1
 Mephitic Cloud           Conj/Pois/Air  15%        N/A       12%         3
 Summon Guardian Golem    Hex/Summ       14%        N/A       13%         3
 Call Imp                 Summ           5%         N/A       16%         2
 Kindle Blastsparks       Fire/Tloc/Air  26%        2d12      16%         3
 Call Canine Familiar     Summ           5%         N/A       30%         3
 Ignite Poison            Fire/Tmut/Pois 5%         N/A       30%         3
 Ozocubu's Armour         Ice            5%         N/A       30%         3
 Vampiric Draining        Necr           5%         2d6       30%         3
 Arcjolt                  Conj/Air       10%        1d20      56%         5
 Freezing Cloud           Conj/Ice/Air   7%         6-21      73%         5
 Borgnjor's Vile Clutch   Necr/Erth      6%         N/A       80%         5
 Plasma Beam              Fire/Air       2%         2x1d9     96%         5
 Ozocubu's Refrigeration  Ice            2%         4d8       100%        7


Dungeon Overview and Level Annotations

Branches:
Dungeon (9/15)             Temple (1/1) D:5
   Lair: D:8-11         Orc: D:9-12

Altars:
Cheibriados
Gozag
Hepliaklqana
Kikubaaqudgha
Makhleb
Nemelex Xobeh
Okawaru
Qazlal
Ru
Sif Muna
Trog
Wu Jian
Xom

Shops:
D:5 [   D:9 ?

Annotations:
D:3 2 transporters, vishdafish's ghost, amateur DsCj
D:6 Menkaure


Innate Abilities, Weirdness & Mutations

You regenerate a little health from kills.
You regenerate magic rapidly.
You have a tail ending in a sharp stinger.


Message History

HP restored.
You start resting.
Magic restored.
You climb upwards.
Found a fizzy ruby potion and 18 gold pieces.
Found an escape hatch in the ceiling.
There is a stone staircase leading down here.
The steam dragon breathes steam at you. The ball of steam hits you!!
You can't see any susceptible monsters within range! (Use Z to cast anyway.)
A bullfrog comes into view.
Found a potion of curing.
The bullfrog croaks.
The steam dragon breathes steam at you. The ball of steam hits you!
The bullfrog moves out of view.
Okay, then.
As you read the scroll of fear, it crumbles to dust.
You assume a fearsome visage.
The steam dragon looks frightened!
The bullfrog looks frightened!
You are engulfed in a cloud of scalding steam.
There is an escape hatch in the ceiling here.
A mysterious force pulls you upwards. The hatch slams shut behind you.
Menkaure shouts!
The orc wizard shouts!
The acid dragon roars!
The orc shouts! x2
The orc wizard shouts!
The orc hits you with a +0 club.
The orc wizard curses loudly.
An orc comes into view. It is wielding a +0 hand axe.
You hear a bark!
Okay, then.
Okay, then.
As you read the scroll of teleportation, it crumbles to dust.
You feel strangely unstable.
A hound comes into view.
The orc hits you with a +2 hand axe of holy wrath.
* * * LOW HITPOINT WARNING * * *
You convulse.
* * * LOW HITPOINT WARNING * * *
The acid dragon spits acid at you. The splash of acid hits you!
You die...

.o......h...#
.......M....#
.......F....#
.......o....#
.......D....+
.#
............#
.#
............#
.#
......o@o...#
.#
....o.......#
.##
#...'########
.' '... .#
#.. .# #. .#
# ## ######


You could see an acid dragon (catching breath), Menkaure, a bullfrog, a hound, 2
orc wizards and 3 orcs.

Vanquished Creatures
  Grinder (D:3)
  A black bear (D:6)
  An orc warrior (D:8)
  2 ice beasts
  A sky beast (D:8)
  2 phantoms
  A wight (D:4)
  A howler monkey (D:5)
  A bullfrog zombie (D:4)
  A human zombie (D:4)
  3 hounds
  An orc priest (D:6)
  2 jellies
  4 iguanas
  2 scorpion zombies (D:4)
  Natasha (thrice) (D:4)
  6 orc wizards
  2 sleepcaps
  2 hound zombies (D:4)
  5 mummies (D:4)
  Robin (D:4)
  9 adders
  2 ufetubi
  2 worms (D:2)
  5 dart slugs
  20 orcs
  11 ball pythons
  11 bats
  9 endoplasms
  2 giant cockroaches (D:2)
  10 hobgoblins
  4 jackals (D:4)
  7 quokkas
  3 frilled lizards
  18 goblins
  7 kobolds
  4 rats
167 creatures vanquished.

Vanquished Creatures (others)
  4 fulminant prisms
  A fungus (D:2)
  A plant (D:2)
6 creatures vanquished.

Grand Total: 173 creatures vanquished

Notes
Turn   | Place    | Note
-------+----------+-------------------------------------------
     0 | D:1      | vishdafish the Demonspawn Conjurer began the quest for the
                  | Orb.
     0 | D:1      | Reached XP level 1. HP: 13/13 MP: 3/3
   287 | D:1      | Gained mutation: You regenerate magic rapidly. [demonic
                  | ancestry]
   287 | D:1      | Reached XP level 2. HP: 19/19 MP: 1/5
   892 | D:2      | Reached XP level 3. HP: 24/24 MP: 1/7
  1432 | D:2      | Reached XP level 4. HP: 28/30 MP: 1/8
  1482 | D:2      | Learned a level 4 spell: Fulminant Prism
  1487 | D:2      | Learned a level 4 spell: Iskenderun's Mystic Blast
  1785 | D:2      | Reached skill level 5 in Conjurations
  1902 | D:2      | Found a faded altar of an unknown god.
  2224 | D:3      | Found a transporter.
  2228 | D:3      | Found a transporter.
  2229 | D:3      | Noticed vishdafish's ghost (amateur DsCj)
  2229 | D:3      | Noticed an ogre
  2230 | D:3      | Noticed an ogre
  2231 | D:3      | Noticed an ogre
  2590 | D:3      | Noticed Grinder
  2647 | D:4      | Found a hazy altar of Hepliaklqana.
  2669 | D:4      | Gained mutation: You have a small tail. [demonic ancestry]
  2669 | D:4      | Reached XP level 5. HP: 35/35 MP: 9/9
  2832 | D:4      | Noticed Robin
  2845 | D:4      | Killed Robin
  2863 | D:4      | Reached skill level 6 in Conjurations
  2929 | D:4      | Found a sparkling altar of Nemelex Xobeh.
  2933 | D:4      | Found a snail-covered altar of Cheibriados.
  3144 | D:4      | Gained mutation: You have a tail ending in a sharp stinger.
                  | [demonic ancestry]
  3144 | D:4      | Reached XP level 6. HP: 38/41 MP: 10/10
  3182 | D:4      | Noticed Natasha
  3189 | D:4      | Killed Natasha
  3190 | D:4      | Reached skill level 1 in Hexes
  3232 | D:4      | Reached skill level 1 in Translocations
  3860 | D:4      | Noticed Natasha
  3868 | D:4      | Killed Natasha
  4132 | D:4      | Noticed Natasha
  4135 | D:4      | Killed Natasha
  4175 | D:4      | Reached XP level 7. HP: 46/46 MP: 11/11
  4340 | D:4      | Found an ancient bone altar of Kikubaaqudgha.
  4879 | D:3      | Paralysed by Grinder for 4 turns
  4887 | D:3      | Killed Grinder
  4888 | D:3      | Gained mutation: You regenerate a little health from kills.
                  | [demonic ancestry]
  4888 | D:3      | Reached XP level 8. HP: 34/52 MP: 12/12
  5153 | D:5      | Entered Level 5 of the Dungeon
  5163 | D:4      | Reached skill level 5 in Translocations
  5454 | D:5      | Found a staircase to the Ecumenical Temple.
  5461 | D:5      | Reached skill level 7 in Conjurations
  5465 | D:5      | Got Builalum's Encyclopedia of Geological Ceraunoscopy
  5470 | Temple   | Entered the Ecumenical Temple
  5585 | D:5      | Learned a level 3 spell: Stone Arrow
  5696 | D:5      | Found an ornate altar of the Wu Jian Council.
  5836 | D:5      | Reached skill level 1 in Earth Magic
  5913 | D:5      | Found Quthih's Armour Emporium.
  6074 | D:6      | Found a sacrificial altar of Ru.
  6219 | D:6      | Reached skill level 5 in Spellcasting
  6331 | D:6      | You fall into a shaft and drop 3 floors!
  6331 | D:9      | Found Jekurph's Magic Scroll Emporium.
  6336 | D:9      | Bought a scroll of fear for 48 gold pieces
  6336 | D:9      | Bought a scroll of teleportation for 36 gold pieces
  6336 | D:9      | Bought a scroll of identify for 24 gold pieces
  6419 | D:6      | Noticed Menkaure
  6420 | D:6      | Killed from afar by an acid dragon

Illustrated notes

Levels and vault maps discovered:
D:1:      dpeg_arrival_rooms_with_view, layout_basic
D:2:      minmay_skewed_foursquare, layout_rooms,
          shapermc_ecumenical_altar_petra, minmay_misc_feat_enclosed
D:3:      layout_basic, gammafunk_ghost_smash, uniq_grinder
D:4:      minmay_angry_zag, layout_cave_pods, nicolae_overflow_hidden_temple,
          nicolae_hepliaklqana_hazy_memory,
          lemuel_mausoleum_altar_kikubaaqudgha, grunt_temple_overflow_open,
          solitary_fountain, corexii_corridor_pit, kennysheep_path_1,
          hangedman_minor_gate_pass, uniq_robin, uniq_natasha
D:5:      layout_rooms, old_standard_altar, minmay_temple_entry_glass,
          serial_shops, kennysheep_little_box
D:6:      layout_basic, mainiacjoe_overflow_paths, kennysheep_generic_room_12,
          uniq_menkaure
D:7:      layout_rooms, mainiacjoe_overflow_alcove_2, vehumet_altar_wand_db,
          fedhas_altar_1, minmay_fractal_squares_gapless_5
D:8:      layout_gridville, mainiacjoe_overflow_six_doors_small,
          amcnicky_altar_gilded, uniq_psyche
D:9:      kennysheep_ambush_hall, layout_irregular_city,
          ebering_ghost_inner_flame, serial_shops, shop, shop_statue, shop, shop
Temple:   kb_temple_of_zot

Skill      XL: |  1  2  3  4  5  6  7  8 |
---------------+-------------------------+-----
Spellcasting   | 3 5 |  5.4
Conjurations   | 5 6 7 |  7.0
Hexes          | 2 4 |  4.1
Translocations | 2 4 5 |  5.2
Earth Magic    | 3 |  3.5
Dodging        | |  1.7
Stealth        | |  1.7

Action                     |  1- 3 |  4- 6 |  7- 9 || total
---------------------------+-------+-------+-------++-------
  Melee: Unarmed           |    19 |       |       ||    19
         Short sword       |    11 |    22 |       ||    33
         Tailslap          |       |     8 |       ||     8
         Whip              |       |    16 |       ||    16
  Throw: Throwing net      |       |     1 |       ||     1
   Cast: Magic Dart        |    81 |   217 |   131 ||   429
         Iskenderun's Myst |       |       |     5 ||     5
         Fulminant Prism   |       |       |     4 ||     4
         Stone Arrow       |       |       |    44 ||    44
  Evoke: Wand              |       |       |     2 ||     2
    Use: Potion            |     1 |       |     1 ||     2
         Scroll            |       |       |     2 ||     2
 Armour: Robe              |     8 |    13 |    16 ||    37
  Dodge: Dodged            |    34 |    33 |    42 ||   109
  Block: Other             |     8 |    26 |    14 ||    48
         Reflection        |       |     1 |     1 ||     2

Table legend: (Time is in decaauts)
 A = Elapsed time spent in this place.
 B = Non-inter-level travel time spent in this place.
 C = Inter-level travel time spent in this place.
 D = Time resting spent in this place.
 E = Time spent auto-exploring this place.
 F = Levels seen in this place.
 G = Mean time per level.
                   A        B        C        D        E       F      G
               +--------+--------+--------+--------+--------+-----+--------+
         Total |   6425 |   5992 |    433 |    164 |   4797 |  10 |  642.5 |
       Dungeon |   6315 |   5891 |    424 |    164 |   4702 |   9 |  701.7 |
        Temple |    109 |    100 |      9 |      0 |     95 |   1 |  109.0 |
               +--------+--------+--------+--------+--------+-----+--------+

Top non-repeatable levels by time:
     D:4: 1999 daAuts
     D:3: 1207 daAuts
     D:2: 1036 daAuts
     D:1: 957 daAuts
     D:5: 723 daAuts
     D:6: 304 daAuts
  Temple: 109 daAuts
     D:8: 70 daAuts
     D:7: 8 daAuts
     D:9: 7 daAuts
